 Dungeon Sprint DCSS version 0.19-a0-1401-g902f63d (webtiles) character file.

8 poirepourri the Magician (level 2, -2/15 HPs)
             Began as a Deep Elf Fire Elementalist on Sept 4, 2016.
             Was an Initiate of Vehumet.
             Slain by an orc
             ... wielding a +1 flail of protection
              (5 damage)
             ... in the Dungeon (Sprint V: "Ziggurat Sprint").
             The game lasted 00:02:30 (180 turns).

poirepourri the Magician (DEFE)                      Turns: 180, Time: 00:02:31

Health: -2/15      AC: 15    Str:  5    XL:     2   Next: 0%
Magic:  0/11       EV:  0    Int: 31    God:    Vehumet [......]
Gold:   0          SH:  6    Dex: 15    Spells: 1 memorised, 12 levels left

rFire  . . .     SeeInvis .     D - staff of energy
rCold  . . .     Gourm    .     l - +5 storm dragon armour
rNeg   . . .     Faith    .     a - +3 buckler
rPois  .         Spirit   .     (no helmet)
rElec  +         Dismiss  .     (no cloak)
rCorr  .         Reflect  .     (no gloves)
MR     .....     Harm     .     (no boots)
Stlth  .......... NoTele   +    (no amulet)
                                I - +6 ring of intelligence
                                H - +6 ring of intelligence

@: contaminated, glowing
A: no striking features
a: Renounce Religion


You were in the Dungeon.
You worshipped Vehumet.
Vehumet was noncommittal.
You were not hungry.

You visited 1 branch

Inventory:

Armour
 a - a +3 buckler (worn)
 l - a +5 storm dragon armour (worn)
 N - the +18 shield of the Gong {rElec rN+ MR+ EV-5}
   (You found it in the Dungeon)

   It affects your evasion (-5).
   It insulates you from electricity.
   It protects you from negative energy.
   It affects your resistance to hostile enchantments.
Magical Staves
 D - an uncursed staff of energy (weapon)
Jewellery
 F - a +6 ring of dexterity
 G - a +6 ring of dexterity
 H - a +6 ring of intelligence (left hand)
 I - a +6 ring of intelligence (right hand)
 J - a +6 ring of strength
 K - a +6 ring of strength
 L - an uncursed ring of flight
Wands
 y - a wand of disintegration (7/24)
 A - a wand of iceblast (5/15)
 B - a wand of lightning (5/15)
 C - a wand of acid (5/15)
Scrolls
 i - 4 scrolls of blinking
 m - 4 scrolls of amnesia
 n - 3 scrolls of recharging
 o - 7 scrolls of fog
 p - a scroll of holy word
 q - 5 scrolls of identify
 r - 5 scrolls of remove curse
 s - 2 scrolls of fear
Potions
 d - 10 potions of curing
 e - 10 potions of heal wounds
 f - 6 potions of haste
 g - 6 potions of magic
 h - 3 potions of berserk rage
 t - 2 potions of brilliance
 u - 2 potions of invisibility
 v - 4 potions of resistance
 x - 5 potions of agility
 z - 5 potions of might
Books
 b - a book of Flames

   Spells                             Type                      Level
   a - Flame Tongue                   Conjuration/Fire             1
   b - Throw Flame                    Conjuration/Fire             2
   c - Conjure Flame                  Conjuration/Fire             3
   d - Inner Flame                    Hexes/Fire                   3
   e - Sticky Flame                   Conjuration/Fire             4
   f - Fireball                       Conjuration/Fire             5
Miscellaneous
 E - a crystal ball of energy
 M - a disc of storms
Comestibles
 c - 5 bread rations
 j - 42 fruits
 k - 4 meat rations


   Skills:
 + Level 2.4 Dodging
 - Level 2.4 Stealth
 + Level 6.2 Spellcasting
 + Level 4.7 Conjurations
 + Level 5.7 Fire Magic


You had 12 spell levels left.
You knew the following spells:

 Your Spells              Type           Power        Failure   Level  Hunger
a - Flame Tongue          Conj/Fire      #####        100%        1    None


Dungeon Overview and Level Annotations

Branches:
Dungeon (1/1)

Altars:
Ashenzari
Cheibriados
Dithmenos
Elyvilon
Fedhas
Gozag
Hepliaklqana
Kikubaaqudgha
Makhleb
Nemelex Xobeh
Okawaru
Qazlal
Ru
Sif Muna
Trog
Uskayaw
Vehumet
Xom
Yredelemnul
Zin
The Shining One
Beogh
Jiyva
Lugonu


Message History

You miscast Flame Tongue.
Strange energies run through your body. You block the orc's attack. x2
Casting: Flame Tongue
Confirm with . or Enter, or press ? or * to list all spells.
Aiming: Flame Tongue
Press: ? - help, Shift-Dir - straight line, f/p - orc
Aim: an orc You miscast Flame Tongue.
You hear a sizzling sound.
You block the orc's attack. The orc hits you but does no damage.
Casting: Flame Tongue
Confirm with . or Enter, or press ? or * to list all spells.
Aiming: Flame Tongue
Press: ? - help, Shift-Dir - straight line, f/p - orc
Aim: an orc You miscast Flame Tongue.
You are momentarily dazzled by a flash of light!
You block the orc's attack.
The orc hits you with a flail of protection.
You die...

▓▓▓▓▓▓▓
▓.8©8.▓
▓.....▓
▓.).[.▓
▓.....▓
▓.oo..▓
▓..@..▓
▓▓▓▓▓▓▓


You could see 2 orcs.

Vanquished Creatures (others)
  A spatial maelstrom (D)
1 creature vanquished.

Notes
Turn   | Place    | Note
-------+----------+-------------------------------------------
     0 | D        | poirepourri the Deep Elf Fire Elementalist began the quest for the Orb.
     0 | D        | Reached XP level 1. HP: 10/10 MP: 6/6
     3 | D        | Banished a spatial maelstrom
    22 | D        | Found a blossoming altar of Fedhas.
    33 | D        | Found a hazy altar of Hepliaklqana.
    33 | D        | Found a viscous altar of Jiyva.
    33 | D        | Found an opulent altar of Gozag.
    33 | D        | Found an ancient bone altar of Kikubaaqudgha.
    35 | D        | Found a corrupted altar of Lugonu.
    43 | D        | Found a burning altar of Makhleb.
    46 | D        | Found a sacrificial altar of Ru.
    46 | D        | Found a stormy altar of Qazlal.
    46 | D        | Found a deep blue altar of Sif Muna.
    46 | D        | Found an iron altar of Okawaru.
    46 | D        | Found a bloodstained altar of Trog.
    46 | D        | Found a sparkling altar of Nemelex Xobeh.
    60 | D        | Became a worshipper of Vehumet
   158 | D        | Entered arena 1.
   166 | D        | Reached skill level 6 in Spellcasting
   166 | D        | Reached skill level 5 in Fire Magic
   166 | D        | Reached XP level 2. HP: 8/15 MP: 0/11
   180 | D        | Slain by an orc

Vault maps used:
D:        sprint_v

Skill      XL: |  1 |
---------------+----+-----
Spellcasting   | 6 |  6.2
Conjurations   | 4 |  4.7
Fire Magic     | 5 |  5.7
Dodging        | |  2.4
Stealth        | |  2.4

Action                   || total
-------------------------++-------
Melee: Staff             ||     1
  Use: Potion            ||     2
Armor: Storm dragon armo ||    22
Block: Buckler           ||    10
